 Dungeon Crawl Stone Soup version 0.28-a0-245-g639a1a48b9 (webtiles) character file.

Game seed: 1712868456312663015

28 willcat the Sneak (level 3, -1/23 HPs)
             Began as a Kobold Delver on Aug 24, 2021.
             Slain by a centaur (5 damage)
             ... on level 7 of the Dungeon.
             The game lasted 00:00:40 (313 turns).

willcat the Sneak (Kobold Delver)                    Turns: 313, Time: 00:00:40

Health: -1/23      AC:  3    Str:  9    XL:     3   Next: 30%
Magic:  3/3        EV: 14    Int: 11    God:
Gold:   6          SH:  0    Dex: 17    Spells: 2/2 levels left

rFire   . . .      SeeInvis .   a - +0 short sword
rCold   . . .      Faith    .   (shield restricted)
rNeg    . . .      Spirit   .   b - +0 leather armour
rPois   .          Reflect  .   (no helmet)
rElec   .          Harm     .   (no cloak)
rCorr   .          Rampage  .   (no gloves)
Will    .....                   (no boots)
Stlth   +++++.....              (no amulet)
HPRegen 0.07/turn               (no ring)
MPRegen 0.08/turn               (no ring)

@: no status effects
A: small, no large weapons, nightstalker 3
a: no special abilities


You were on level 7 of the Dungeon.
You visited 1 branch of the dungeon, and saw 3 of its levels.

You collected 6 gold pieces.

Inventory:

Hand Weapons
 a - a +0 short sword (weapon)
Armour
 b - a +0 leather armour (worn)
Wands
 g - a wand of digging (3)
Scrolls
 c - a scroll of fog
 d - a scroll of magic mapping
 e - a scroll of fear
 h - a scroll of enchant weapon {unknown}
 i - a scroll of torment {unknown}
Potions
 f - a potion of haste
 j - 2 potions of mutation {unknown}


   Skills:
 - Level 3.5 Fighting
 + Level 2.8 Short Blades
 + Level 2.5 Dodging
 + Level 7.6 Stealth
 + Level 0.0 Spellcasting


You had 2 spell levels left.
You didn't know any spells.
Your spell library contained the following spells:

 Spells                   Type           Power      Damage    Failure   Level
 Conjure Flame            Conj/Fire      0%         6-21      83%         3
 Ignite Poison            Fire/Tmut/Pois 0%         N/A       83%         3
 Sticky Flame             Conj/Fire      0%         2d3       99%         4


Dungeon Overview and Level Annotations

Branches:
Dungeon (7/15)
 Temple: D:4-7

Altars:

Shops:
D:5 =


Innate Abilities, Weirdness & Mutations

You are small and have problems with some larger weapons.
You are completely attuned to the shadows.


Message History

You pick up an Everburning Encyclopedia and begin reading...
You add the spells Conjure Flame, Ignite Poison and Sticky Flame to your library.
Found a scroll labelled TAH GYACUWNA.
Found 2 blue potions.
i - a scroll labelled TAH GYACUWNA
j - 2 blue potions You're too inexperienced to learn that spell!
Okay, then.
Found a stone staircase leading down.
There is a stone staircase leading down here.
Found a club.
Found 16 stones.
Things that are here:
a +0 club; a +0 chain mail A centaur comes into view.
The helpless centaur fails to defend itself.
You impale the centaur!!
The centaur is almost dead.
The centaur misses you. The centaur closely misses you.
Unknown command.
You hit the centaur but do no damage.
The centaur is severely wounded.
The centaur hits you. The centaur barely misses you. The centaur hits you.
The centaur kicks you but does no damage.
You hit the centaur.
The centaur is almost dead.
The centaur hits you. The centaur barely misses you.
You are too injured to fight recklessly!
You are too injured to fight recklessly!
You are too injured to fight recklessly!
Unknown command.
You hit the centaur but do no damage.
The centaur is severely wounded.
The centaur hits you. The centaur kicks you.
* * * LOW HITPOINT WARNING * * *
The centaur barely misses you. The centaur closely misses you.
You hit the centaur but do no damage.
The centaur is severely wounded.
The centaur hits you.
You die...

##.##
#.#
....#
#.#
....#
#.#
#...#
#.#
#...####
#.#
+.......
#.#
#...####
#.#
#...#
#.#
#...#
#@#
#...####
#c#
#.......
#.#
#...####
#.#
#...#
#.#
#...#
#...#
#...#
#...#


You could see a centaur.

Vanquished Creatures
  A bullfrog skeleton (D:6)
1 creature vanquished.

Notes
Turn   | Place    | Note
-------+----------+-------------------------------------------
     0 | D:5      | willcat the Kobold Delver began the quest for the Orb.
     0 | D:5      | Reached XP level 1. HP: 14/14 MP: 1/1
   136 | D:6      | Reached skill level 7 in Stealth
   136 | D:6      | Reached XP level 2. HP: 16/19 MP: 2/2
   136 | D:6      | Reached XP level 3. HP: 20/23 MP: 3/3
   305 | D:7      | Noticed a centaur
   313 | D:7      | Slain by a centaur

Illustrated notes

Levels and vault maps discovered:
D:5:      old_forge, layout_rooms, serial_shops, nicolae_take_the_stairs,
          serial_undead, serial_undead_a, serial_undead_c, serial_undead_c,
          serial_undead_c
D:6:      layout_basic, gammafunk_temple_overflow_statue, minmay_quadrilaterals
D:7:      layout_basic, serial_shops, kennysheep_little_box,
          minmay_misc_feat_plants, hellmonk_guarded_unrand_vitality_bloodlust

Skill      XL: |  1 |
---------------+----+-----
Stealth        | 7 |  7.6
Fighting       | |  3.5
Short Blades   | |  2.8
Dodging        | |  2.5

Action                   || total
-------------------------++-------
Melee: Short sword       ||     9
 Stab: Sleeping          ||     2
Armor: Leather armour    ||     2
Dodge: Dodged            ||     8

Table legend: (Time is in decaauts)
 A = Elapsed time spent in this place.
 B = Non-inter-level travel time spent in this place.
 C = Inter-level travel time spent in this place.
 D = Time resting spent in this place.
 E = Time spent auto-exploring this place.
 F = Levels seen in this place.
 G = Mean time per level.
                   A        B        C        D        E       F      G
               +--------+--------+--------+--------+--------+-----+--------+
         Total |    312 |    312 |      0 |      0 |    260 |   3 |  104.0 |
       Dungeon |    312 |    312 |      0 |      0 |    260 |   3 |  104.0 |
               +--------+--------+--------+--------+--------+-----+--------+

Top non-repeatable levels by time:
     D:6: 229 daAuts
     D:7: 77 daAuts
     D:5: 5 daAuts
